 Dungeon Crawl Stone Soup version 0.31-a0-609-g7bf6ffcfed (webtiles) character file.

Game seed: 10695923697041212772

1574 javelincjr the Conjurer (level 8, -1/52 HPs)
             Began as a Demonspawn Conjurer on Aug 21, 2023.
             Slain by an orc warrior
             ... wielding a +0 broad axe
              (10 damage)
             ... on level 7 of the Dungeon.
             The game lasted 00:24:33 (6823 turns).

javelincjr the Conjurer (Demonspawn Conjurer)       Turns: 6823, Time: 00:24:33

Health: -1/52      AC:  6    Str:  7    XL:     8   Next: 59%
Magic:  13/24      EV: 13    Int: 21    God:
Gold:   365        SH:  6    Dex: 13    Spells: 11/16 levels left

rFire   . . .        p - +1 dagger (drain)
rCold   + . .        (no shield)
rNeg    . . .        I - +2 robe {rC+}
rPois   .            (helmet restricted)
rElec   .            g - +0 cloak
rCorr   .            (no gloves)
SInv    .            u - +0 pair of boots
Will    .....        (no amulet)
Stlth   +++          l - ring of magical power
HPRegen 0.28/turn    B - ring of flight
MPRegen 0.19/turn

%: no passive effects
@: flying
A: horns 1, large bone plates 2, powered by death 1
a: no special abilities


You were on level 7 of the Dungeon.
You visited 2 branches of the dungeon, and saw 8 of its levels.

You collected 365 gold pieces.

Inventory:

Hand Weapons
 k - a +0 dagger of flaming
 p - a +1 dagger of draining (weapon)
 y - a +2 dagger of venom
Armour
 g - a +0 cloak (worn)
 n - the +1 leather armour of the Hall of Blades {Dex+3}
   (You found it on level 2 of the Dungeon)

   Dex+3:     It affects your dexterity (+3).
 u - a +0 pair of boots (worn)
 H - a +0 leather armour of cold resistance
 I - a +2 robe of cold resistance (worn)
Magical Staves
 o - a staff of air
 x - a staff of conjuration
Jewellery
 l - a ring of magical power (left hand)
 B - a ring of flight (right hand)
Wands
 c - a wand of flame (18)
 G - a wand of charming (5)
Scrolls
 d - 2 scrolls of fear {unknown}
 e - a scroll of butterflies {unknown}
 f - 2 scrolls of enchant weapon {unknown}
 i - a scroll of blinking {unknown}
 r - 3 scrolls of teleportation {unknown}
 t - 6 scrolls of identify {unknown}
 v - a scroll of torment {unknown}
 w - a scroll of immolation {unknown}
 A - 2 scrolls of fog {unknown}
 D - 2 scrolls of amnesia {unknown}
 J - a scroll of revelation {unknown}
Potions
 a - a potion of might {unknown}
 b - a potion of magic
 h - 4 potions of mutation {unknown}
 j - 3 potions of brilliance {unknown}
 m - a potion of haste {unknown}
 q - a potion of resistance {unknown}
 s - 3 potions of curing {unknown}
 z - 3 potions of attraction {unknown}
 C - 3 potions of heal wounds {unknown}
 E - 4 potions of degeneration {unknown}
 F - 3 potions of ambrosia {unknown}


   Skills:
 + Level 3.7 Armour
 + Level 4.6 Dodging
 + Level 4.9 Stealth
 + Level 4.7 Spellcasting
 + Level 6.1 Conjurations
 + Level 2.7 Summonings


You had 11 spell levels left.
You knew the following spells:

 Your Spells              Type           Power      Damage    Failure   Level
a - Magic Dart            Conj           100%       1d8       1%          1
b - Searing Ray           Conj           60%        2d6       1%          2
c - Call Imp              Summ           32%        N/A       5%          2

Your spell library contained the following spells:

 Spells                   Type           Power      Damage    Failure   Level
 Dazzling Flash           Conj/Hex       34%        N/A       10%         3
 Call Canine Familiar     Summ           16%        N/A       11%         3
 Mephitic Cloud           Conj/Pois/Air  13%        N/A       14%         3
 Fulminant Prism          Conj/Hex       8%         3d6       30%         4
 Iskenderun's Mystic Bla  Conj/Tloc      17%        2d5       30%         4
 Portal Projectile        Hex/Tloc       8%         N/A       32%         3
 Tukima's Dance           Hex            4%         N/A       32%         3
 Leda's Liquefaction      Hex/Erth       2%         N/A       73%         4


Dungeon Overview and Level Annotations

Branches:
Dungeon (7/15)             Temple (1/1) D:5

Altars:
Ashenzari
Cheibriados
Dithmenos
Gozag
Hepliaklqana
Kikubaaqudgha
Nemelex Xobeh
Okawaru
Qazlal
Sif Muna
Uskayaw
Wu Jian
Xom
Yredelemnul

Shops:
D:4 [   D:5 =

Annotations:
D:3 1 runed translucent door, Hubris850's ghost, amateur GnSh


Innate Abilities, Weirdness & Mutations

You have a pair of small horns on your head.
You are mostly covered in large bone plates. (SH +6)
You regenerate a little health from kills.


Message History

The orc warrior hits you with a +0 broad axe!
Your cerulean imp hits the orc warrior but does no damage.
You hit the sleepcap but do no damage. You drain the sleepcap.
The sleepcap is heavily damaged.
You block the sleepcap's attack.
Your cerulean imp closely misses the orc warrior.
You hit the sleepcap but do no damage.
The sleepcap is heavily damaged.
The sleepcap releases spores at you but does no damage.
Something barely misses your cerulean imp.
You hit the sleepcap but do no damage. You drain the sleepcap.
You headbutt the sleepcap, but do no damage.
The sleepcap is heavily damaged.
Your cerulean imp hits the sleepcap but does no damage.
The sleepcap releases spores at you but does no damage.
Something hits your cerulean imp!
Your cerulean imp dies!
Your cerulean imp disappears in a puff of smoke!
You hit the sleepcap. You headbutt the sleepcap.
The sleepcap is severely damaged.
The sleepcap releases spores at you.
The orc warrior shouts!
You hit the sleepcap but do no damage. You drain the sleepcap.
You headbutt the sleepcap.
The sleepcap is almost destroyed.
The sleepcap releases spores at you but does no damage.
The orc warrior closely misses you.
You hit the sleepcap. You drain the sleepcap.
You destroy the sleepcap!
The orc warrior hits you with a +0 broad axe.
* * * LOW HITPOINT WARNING * * *
You hit the orc warrior.
The orc warrior is heavily wounded.
The orc warrior hits you with a +0 broad axe.
* * * LOW HITPOINT WARNING * * *
You hit the orc warrior but do no damage.
You drain the orc warrior.
The orc warrior is severely wounded.
The orc warrior hits you with a +0 broad axe!
You die...

#.#.#.# #.# #.#.#.###.#
##.#.#.. ...
.....#####.#
.....##....##### ..
.....#.. ..... ...
.....#.#####.####
####.#
...††#.##......o##....#
.....#.#.#.....#@#.f.#
.....#.#..#...#..#.o.#
.....).#...#.#...#...#
.....#......#.......#
.....#.#...#.#...#..#
.......#..#...#..#.#.#
....##.#.#.....#.#.# ..
....##.##.......###.
... ....##.# ###.#### #
##


You could see an orc warrior (very drained).

Vanquished Creatures
  A water moccasin (D:7)
  2 sky beasts
  2 black bears
  3 ogres
  A phantom (D:5)
  Blork the orc (D:6)
  2 howler monkeys
  6 hounds
  A jelly (D:5)
  2 orc priests (D:6)
  2 sleepcaps
  A gnoll bouda (D:4)
  2 orc wizards
  6 gnolls
  5 adders
  A shadow imp (D:6)
  2 white imps (D:5)
  2 ufetubi (D:6)
  3 dart slugs
  12 orcs
  9 bats
  6 endoplasms
  4 giant cockroaches
  4 goblins
  4 hobgoblins
  9 jackals
  4 quokkas
  8 ball pythons
  3 frilled lizards
  7 kobolds
  2 rats (D:1)
117 creatures vanquished.

Notes
Turn   | Place    | Note
-------+----------+-------------------------------------------
     0 | D:1      | javelincjr the Demonspawn Conjurer began the quest for the
                  | Orb.
     0 | D:1      | Reached XP level 1. HP: 13/13 MP: 3/3
   349 | D:1      | Gained mutation: You have a pair of small horns on your
                  | head. [demonic ancestry]
   349 | D:1      | Reached XP level 2. HP: 19/19 MP: 0/5
   934 | D:1      | Learned a level 2 spell: Searing Ray
  1457 | D:2      | Gained mutation: You are partially covered in large bone
                  | plates. (SH +4) [demonic ancestry]
  1457 | D:2      | Reached XP level 3. HP: 24/24 MP: 3/6
  1735 | D:2      | Identified the +1 leather armour of the Hall of Blades
                  | {Dex+3}
  2403 | D:3      | Noticed an ogre
  2417 | D:3      | Killed an ogre
  2418 | D:3      | Reached skill level 1 in Armour
  2418 | D:3      | Gained mutation: You are mostly covered in large bone
                  | plates. (SH +6) [demonic ancestry]
  2418 | D:3      | Reached XP level 4. HP: 30/30 MP: 6/8
  2418 | D:3      | Gained mutation: You regenerate a little health from kills.
                  | [demonic ancestry]
  2418 | D:3      | Reached XP level 5. HP: 35/35 MP: 6/9
  2888 | D:3      | Found a runed translucent door.
  2891 | D:3      | Noticed Hubris850's ghost (amateur GnSh)
  3969 | D:4      | Reached XP level 6. HP: 33/41 MP: 7/10
  4236 | D:4      | Found Woucoacw's Armour Boutique.
  4590 | D:5      | Entered Level 5 of the Dungeon
  4590 | D:5      | Found Afueroi's Jewellery Shoppe.
  4599 | D:5      | Reached skill level 5 in Conjurations
  4709 | D:5      | Found a stormy altar of Qazlal.
  4895 | D:5      | Reached XP level 7. HP: 33/46 MP: 2/12
  5160 | D:5      | Found a staircase to the Ecumenical Temple.
  5188 | Temple   | Entered the Ecumenical Temple
  5202 | Temple   | Learned a level 2 spell: Call Imp
  5506 | D:6      | Reached skill level 1 in Summonings
  5693 | D:6      | Found a sparkling altar of Nemelex Xobeh.
  5741 | D:6      | Noticed Blork the orc
  5752 | D:6      | Killed Blork the orc
  6002 | D:6      | Reached XP level 8. HP: 52/52 MP: 14/14
  6686 | D:7      | Reached skill level 6 in Conjurations
  6823 | D:7      | Slain by an orc warrior

Illustrated notes

Levels and vault maps discovered:
D:1:      denvon_arrival_planthouse, layout_basic
D:2:      layout_loops_ring, kennysheep_generic_room_15
D:3:      layout_loops_ring, ebering_ghost_reflecting_pool
D:4:      layout_loops_ring, serial_shops, kennysheep_mini_moat,
          nicolae_zen_rock_garden, minmay_unequal
D:5:      layout_rooms, mainiacjoe_overflow_divided_tiny,
          minmay_temple_entry_glass, serial_shops, shop
D:6:      layout_loops_cross, kennysheep_little_box, hangedman_decor_points,
          uniq_blork_the_orc
D:7:      layout_basic, minmay_the_grid_2x2 [minmay_the_grid_expand,
          minmay_the_grid_x, minmay_the_grid_square_x,
          minmay_the_grid_prize_diamond_cup]
Temple:   nicolae_temple_bog_church

Skill      XL: |  1  2  3  4  5  6  7  8 |
---------------+-------------------------+-----
Dodging        | 2 3 4 |  4.6
Stealth        | 2 3 4 |  4.9
Armour         | 1 2 3 |  3.7
Spellcasting   | 3 4 |  4.7
Conjurations   | 5 6 |  6.1
Summonings     | 1 2 |  2.7

Action                     |  1- 3 |  4- 6 |  7- 9 || total
---------------------------+-------+-------+-------++-------
  Melee: Unarmed           |    16 |       |       ||    16
         Dagger            |    20 |       |    12 ||    32
         Headbutt          |     2 |       |     3 ||     5
   Cast: Magic Dart        |    61 |   108 |    51 ||   220
         Searing Ray       |     3 |     8 |    24 ||    35
         Call Imp          |       |       |     2 ||     2
   Stab: Sleeping          |     1 |       |       ||     1
 Armour: Robe              |     7 |       |    15 ||    22
         Leather armour    |     3 |     7 |     7 ||    17
  Dodge: Dodged            |    21 |    11 |    34 ||    66
  Block: Other             |     1 |     5 |    21 ||    27

Table legend: (Time is in decaauts)
 A = Elapsed time spent in this place.
 B = Non-inter-level travel time spent in this place.
 C = Inter-level travel time spent in this place.
 D = Time resting spent in this place.
 E = Time spent auto-exploring this place.
 F = Levels seen in this place.
 G = Mean time per level.
                   A        B        C        D        E       F      G
               +--------+--------+--------+--------+--------+-----+--------+
         Total |   6818 |   6568 |    250 |    131 |   5556 |   8 |  852.2 |
       Dungeon |   6793 |   6563 |    230 |    131 |   5556 |   7 |  970.4 |
        Temple |     24 |      4 |     20 |      0 |      0 |   1 |   24.0 |
               +--------+--------+--------+--------+--------+-----+--------+

Top non-repeatable levels by time:
     D:1: 1453 daAuts
     D:4: 1195 daAuts
     D:6: 1144 daAuts
     D:3: 1016 daAuts
     D:2: 921 daAuts
     D:5: 851 daAuts
     D:7: 210 daAuts
  Temple: 24 daAuts
